 Dungeon Crawl Stone Soup version 0.22-a0-605-g9281fa2 (webtiles) character file.

27 Hebeh the Firebug (level 2, -2/15 HPs)
             Began as a Deep Elf Fire Elementalist on July 8, 2018.
             Slain by Natasha (5 damage)
             ... on level 2 of the Dungeon.
             The game lasted 00:04:45 (1112 turns).

Hebeh the Firebug (Deep Elf Fire Elementalist)      Turns: 1112, Time: 00:04:46

Health: -2/15      AC:  2    Str:  5    XL:     2   Next: 93%
Magic:  4/8        EV: 13    Int: 19    God:
Gold:   73         SH:  0    Dex: 15    Spells: 6/7 levels left

rFire    . . .     SeeInvis .   j - +2 dagger (elec)
rCold    . . .     Gourm    .   (no shield)
rNeg     . . .     Faith    .   a - +0 robe
rPois    .         Spirit   .   (no helmet)
rElec    .         Reflect  .   (no cloak)
rCorr    .         Harm     .   (no gloves)
MR       .....                  (no boots)
Stlth    ++........             (no amulet)
HPRegen  0.05/turn              (no ring)
MPRegen  0.11/turn              (no ring)

@: no status effects
A: no striking features
a: no special abilities


You were on level 2 of the Dungeon.
You were not hungry.

You visited 1 branch of the dungeon, and saw 2 of its levels.

You collected 73 gold pieces.

Inventory:

Hand Weapons
 j - a +2 dagger of electrocution (weapon)
Missiles
 b - 3 javelins of penetration (quivered)
Armour
 a - a +0 robe (worn)
Jewellery
 e - a +2 ring of strength {unknown}
Scrolls
 g - a scroll of teleportation {unknown}
 i - a scroll of identify {unknown}
Potions
 d - a potion of flight {unknown}
 h - a potion of degeneration {unknown}
Comestibles
 c - 2 rations
 f - 2 chunks of flesh


   Skills:
 - Level 2.4 Dodging
 + Level 2.9 Stealth
 + Level 3.4 Spellcasting
 * Level 2.2 Conjurations
 + Level 3.5 Fire Magic


You had 6 spell levels left.
You knew the following spells:

 Your Spells              Type           Power        Failure   Level  Hunger
a - Flame Tongue          Conj/Fire      ##...        4%          1    None

Your spell library contained the following spells:

 Spells                   Type           Power        Failure   Level  Hunger
 Fireball                 Conj/Fire      ##........   77%         5    ######.
 Conjure Flame            Conj/Fire      ##......     13%         3    ###....
 Throw Flame              Conj/Fire      ##....       7%          2    ##.....
 Sticky Flame             Conj/Fire      ##......     41%         4    ####...
 Inner Flame              Hex/Fire       ##......     22%         3    ###....


Dungeon Overview and Level Annotations

Branches:
Dungeon (2/15)

Altars:
Gozag

Shops:
D:2 *

Annotations:
D:2 Natasha


Message History

Natasha is almost dead.
Casting: Flame Tongue (safe; 4% risk of failure)
Confirm with . or Enter, or press ? or * to list all spells.
Aiming: Flame Tongue (safe; 4% risk of failure)
Press: ? - help, Shift-Dir - straight line, f/p - Natasha
Aim: Natasha (almost dead)
The flame tongue hits Natasha.
Natasha appears unharmed.
Natasha is almost dead.
Natasha hisses.
Natasha claws you.
* * * LOW HITPOINT WARNING * * *
Casting: Flame Tongue (safe; 4% risk of failure)
Confirm with . or Enter, or press ? or * to list all spells.
Aiming: Flame Tongue (safe; 4% risk of failure)
Press: ? - help, Shift-Dir - straight line, f/p - Natasha
Aim: Natasha (almost dead)
The flame tongue hits Natasha.
Natasha appears unharmed.
Natasha is almost dead.
Natasha claws you.
You die...

####.# .( #.# #'
#.# #( #.# #. #.#
##.############.#
##..g#...........#
#...h..###########
##..@#.# ##.##.#
... ..# #### ###


You could see Natasha and a hobgoblin.

Vanquished Creatures
  A leopard gecko (D:1)
  5 bats (D:1)
  A giant cockroach (D:1)
  5 hobgoblins
  2 kobolds (D:2)
  2 ball pythons (D:1)
  2 frilled lizards (D:1)
  3 goblins
  4 rats (D:1)
25 creatures vanquished.

Notes
Turn   | Place    | Note
-------+----------+-------------------------------------------
     0 | D:1      | Hebeh the Deep Elf Fire Elementalist began the quest for the Orb.
     0 | D:1      | Reached XP level 1. HP: 10/10 MP: 6/6
   168 | D:1      | Reached XP level 2. HP: 15/15 MP: 5/8
   948 | D:2      | Found an opulent altar of Gozag.
   953 | D:2      | Found Gozag's Platinum Reserve.
  1105 | D:2      | Noticed Natasha
  1112 | D:2      | Slain by Natasha

Vault maps used:
D:1:      dpeg_arrival_oval
D:2:      minitemple, minivault_23, st_stairs_9, minmay_liquid_box,
          nicolae_gozag_zags_fifth_avenue, uniq_natasha, uniq_crazy_yiuf_cottage

Skill      XL: |  1  2 |
---------------+-------+-----
Conjurations   | 2 |  2.2
Dodging        | |  2.4
Stealth        | |  2.9
Spellcasting   | |  3.4
Fire Magic     | |  3.5

Action                   || total
-------------------------++-------
Throw: Javelin           ||    13
 Cast: Flame Tongue      ||    31
Armor: Robe              ||     2
Dodge: Dodged            ||     4

Table legend:
 A = Spawn XP
 B = Non-spawn XP
 C = Spawn XP percentage of total XP
 D = Spawn monster count
 E = Non-spawn monster count
 F = Spawn count percentage of total count
 G = Total turns spent on level
                    A         B        C        D         E        F      G
               +---------+---------+-------+---------+---------+-------+---------
         Total |       0 |      39 |   0.0 |       0 |      25 |   0.0 |  1112
               +---------+---------+-------+---------+---------+-------+---------
           D:1 |       0 |      30 |   0.0 |       0 |      20 |   0.0 |   916
           D:2 |       0 |       9 |   0.0 |       0 |       5 |   0.0 |   196
               +---------+---------+-------+---------+---------+-------+---------
